 Dungeon Crawl Stone Soup version bcrawl-1.21.3 (webtiles) character file.

Game seed: 9272751066846932522

53 Freyura the Cudgeler (level 3, 0/28 HPs)
             Began as a Demonspawn Gladiator on Apr 4, 2020.
             Slain by an adder (2 damage)
             ... on level 3 of the Dungeon on Apr 5, 2020.
             The game lasted 00:04:21 (1668 turns).

Freyura the Cudgeler (Demonspawn Gladiator)         Turns: 1668, Time: 00:04:21

Health: 0/28       AC:  4    Str: 14    XL:     3   Next: 62%
Magic:  0/3        EV: 13    Int:  9    God:
Gold:   145        SH:  0    Dex: 15    Spells: 2/2 levels left

rFire    . . .     SeeInvis .   a - +0 flail
rCold    . . .     Gourm    .   (no shield)
rNeg     . . .     Faith    .   b - +0 leather armour
rPois    .         Spirit   +   c - +0 helmet
rElec    .         Reflect  .   (no cloak)
rCorr    .         Harm     .   (no gloves)
MR       .....                  (no boots)
Stlth    +.........             (no amulet)
HPRegen  0.09/turn              (no ring)
MPRegen  0.08/turn              (no ring)

@: invisible
A: hooves 1, magic shield
a: no special abilities


You were on level 3 of the Dungeon.
You were not hungry.

You visited 1 branch of the dungeon, and saw 3 of its levels.

You collected 145 gold pieces.

Inventory:

Hand Weapons
 a - a +0 flail (weapon)
Missiles
 d - 3 throwing nets (quivered) {!f}
Armour
 b - a +0 leather armour (worn)
 c - a +0 helmet (worn)
 k - a +0 chain mail
Scrolls
 m - a scroll of fear {unknown}
 n - a scroll of identify {unknown}
 p - a scroll of blinking {unknown}
Potions
 l - 2 potions of lignification
Comestibles
 e - 6 rations {!d}


   Skills:
 + Level 2.5 Fighting
 * Level 3.3 Maces & Flails
 - Level 1.7 Throwing
 + Level 1.1 Armour
 + Level 3.0 Dodging


You had 2 spell levels left.
You didn't know any spells.
Your spell library was empty.

Dungeon Overview and Level Annotations

Branches:
Dungeon (3/12)

Altars:
Kikubaaqudgha
Vehumet


Innate Abilities, Weirdness & Mutations

You have large cloven feet.
When hurt, damage is shared between your health and your magic reserves.


Message History

You feel magically purged.
You feel less wooden.
Your +0 helmet unmelds from your body.
Your +0 leather armour unmelds from your body.
The adder bites you.
* * * LOW HITPOINT WARNING * * *
Something hits you.
* * * LOW HITPOINT WARNING * * *
You hit the adder.
The adder is moderately wounded.
The adder barely misses you. The orc misses you.
The hobgoblin hits you but does no damage.
Something hits you.
* * * LOW HITPOINT WARNING * * *
The adder barely misses you. The orc barely misses you.
The hobgoblin barely misses you.
It was a potion of invisibility.
You fade into invisibility!
The adder bites you.
You die...

....................
....................
.....................#####
..........................
............#######.......
)......)....# #.......
.........r..# #.......
........{So.# #.......
........g@..# #.......
........K...#######.......
..(.......................
...................†######
##########....).....#
############


You could see an adder, an orc, a quokka, a hobgoblin and a kobold.

Vanquished Creatures
  An adder (D:3)
  2 dart slugs
  3 leopard geckos
  An orc (D:3)
  A giant cockroach (D:1)
  4 goblins
  2 hobgoblins
  4 jackals
  5 kobolds
  A quokka (D:2)
  5 bats
  2 frilled lizards (D:1)
  4 rats
35 creatures vanquished.

Notes
Turn   | Place    | Note
-------+----------+-------------------------------------------
     0 | D:1      | Freyura the Demonspawn Gladiator began the quest for the
                  | Orb.
     0 | D:1      | Reached XP level 1. HP: 16/16 MP: 1/1
   133 | D:1      | Gained mutation: You have large cloven feet. [demonic
                  | ancestry]
   133 | D:1      | Reached XP level 2. HP: 17/22 MP: 2/2
  1133 | D:2      | Gained mutation: When hurt, damage is shared between your
                  | health and your magic reserves. [demonic ancestry]
  1133 | D:2      | Reached XP level 3. HP: 22/28 MP: 3/3
  1239 | D:2      | Found an ancient bone altar of Kikubaaqudgha.
  1273 | D:2      | Reached skill level 1 in Armour
  1374 | D:2      | Found a radiant altar of Vehumet.
  1668 | D:3      | Slain by an adder

Skill      XL: |  1  2  3 |
---------------+----------+-----
Maces & Flails | 3 |  3.3
Armour         | 1 |  1.1
Dodging        | 3 |  3.0
Fighting       | |  2.5
Throwing       | |  1.7

Action                   || total
-------------------------++-------
Melee: Flail             ||    96
       Kick              ||    12
  Use: Potion            ||     4
       Scroll            ||     3
  Eat: Chunk             ||     2
Armor: Leather armour    ||    32
       Skin              ||     6
Dodge: Dodged            ||    75
